 Dungeon Crawl Stone Soup version 0.25-a0-258-g6d7e32a812 (webtiles) character file.

Game seed: 5522212381122425499, levelgen mode: deterministic

424 Redear the Skirmisher (level 6, -4/43 HPs)
             Began as an Octopode Fighter on Dec 6, 2019.
             Killed by divine providence
             ... invoked by an orc priest
              (12 damage)
             ... on level 4 of the Dungeon.
             The game lasted 00:04:36 (2073 turns).

Redear the Skirmisher (Octopode Fighter)            Turns: 2073, Time: 00:04:36

Health: -4/43      AC:  1    Str: 15    XL:     6   Next: 96%
Magic:  6/6        EV: 15    Int: 10    God:
Gold:   112        SH:  5    Dex: 14    Spells: 5/5 levels left

rFire    . . .     SeeInvis .   q - +1 dagger (venom)
rCold    . . .     Gourm    .   n - +0 buckler
rNeg     . . .     Faith    .   (helmet restricted)
rPois    .         Spirit   .   (no amulet)
rElec    .         Reflect  .   (no ring)
rCorr    .         Harm     .   (no ring)
MR       .....                  (no ring)
Stlth    ++++......             (no ring)
HPRegen  0.14/turn              (no ring)
MPRegen  0.10/turn              (no ring)
                                (no ring)
                                (no ring)

@: no status effects
A: almost no armour, stealthy swim, amphibious, 8 rings, constrict 8, camouflage
1, gelatinous body 1
a: no special abilities


You were on level 4 of the Dungeon.
You were hungry.

You visited 1 branch of the dungeon, and saw 4 of its levels.

You collected 112 gold pieces.

Inventory:

Hand Weapons
 a - a +0 long sword
 q - a +1 dagger of venom (weapon)
Armour
 b - a +0 shield
 n - a +0 buckler (worn)
Scrolls
 d - a scroll of fog {unknown}
 e - a scroll of enchant weapon {unknown}
 f - a scroll of blinking {unknown}
 h - 2 scrolls of teleportation {unknown}
 l - a scroll of remove curse {unknown}
 m - 4 scrolls of identify {unknown}
 o - 3 scrolls of fear {unknown}
 p - a scroll of noise {unknown}
 s - a scroll of amnesia {unknown}
 v - a scroll of enchant armour {unknown}
Potions
 c - 2 potions of might {Str+5 DMG+1d10 | @q3}
 g - a potion of haste {unknown}
 i - a potion of degeneration {unknown}
 j - a potion of heal wounds {unknown}
 k - 2 potions of agility {unknown}
 r - a potion of lignification {unknown}
 t - 2 potions of brilliance {unknown}
 u - 2 potions of curing {unknown}
Comestibles
 z - 4 rations


   Skills:
 + Level 4.2 Fighting
 + Level 3.6 Long Blades
 + Level 4.2 Dodging
 + Level 4.2 Stealth
 + Level 4.2 Shields


You had 5 spell levels left.
You didn't know any spells.
Your spell library was empty.

Dungeon Overview and Level Annotations

Branches:
Dungeon (4/15)
 Temple: D:4-7

Altars:
Elyvilon
Uskayaw


Innate Abilities, Weirdness & Mutations

You cannot wear most types of armour.
You are very stealthy in the water. (Stealth+)
You are amphibious.
You can wear up to eight rings at the same time.
You can use your tentacles to constrict eight enemies at once.
Your skin changes colour to match your surroundings (Stealth+).
Your rubbery body absorbs attacks. (AC +1, EV +1)


Message History

An orc comes into view.
An orc comes into view. It is wielding a +0 dagger.
The orc wizard misses you.
The orc shouts!
You hit the orc wizard.
The orc wizard looks as sick as possible!
The orc wizard is almost dead.
You constrict the orc wizard.
You kill the orc wizard!
You block the adder's attack. The adder closely misses you.
The adder misses you.
The orc priest invokes the aid of Beogh against you.
Beogh smites you!
The orc priest mumbles some strange prayers to Beogh against you.
Beogh smites you!
* * * LOW HITPOINT WARNING * * *
You take 25 damage, and have 8/43 hp.
MASSIVE DAMAGE!!
The orc priest mumbles some strange prayers to Beogh against you.
Beogh smites you!
You die...

+..............# ...
#..............# ....
#..............# ...?
#..........†...#
.....##.............#
.....##<............#
..>.................#
....$...............#
.......@............#
.....##S............#
#### ##.............#
#o.............#
#..............#
#.o............#
#o.o.......
#)........ ##........


You could see 2 orc priests, an adder and 2 orcs.

Vanquished Creatures
  An ice beast (D:3)
  An ogre (D:4)
  An orc wizard (D:4)
  A worker ant (D:4)
  4 gnolls (D:2)
  6 adders
  2 oozes
  4 worms
  3 dart slugs
  A leopard gecko (D:2)
  2 orcs (D:3)
  5 giant cockroaches
  4 goblins
  10 hobgoblins
  3 jackals (D:2)
  2 quokkas
  A ball python (D:1)
  9 bats
  6 frilled lizards
  12 kobolds
  7 rats
85 creatures vanquished.

Notes
Turn   | Place    | Note
-------+----------+-------------------------------------------
     0 | D:1      | Redear the Octopode Fighter began the quest for the Orb.
     0 | D:1      | Reached XP level 1. HP: 16/16 MP: 1/1
     3 | D:1      | Noticed an electric eel
     3 | D:1      | Noticed an electric eel
    82 | D:1      | Reached XP level 2. HP: 21/21 MP: 2/2
    99 | D:1      | Reached skill level 1 in Stealth
   397 | D:1      | Reached XP level 3. HP: 22/26 MP: 3/3
   879 | D:2      | Found a hide-covered altar of Uskayaw.
  1027 | D:2      | Reached skill level 2 in Stealth
  1077 | D:2      | Reached XP level 4. HP: 23/31 MP: 4/4
  1348 | D:2      | Reached XP level 5. HP: 36/36 MP: 5/5
  1560 | D:3      | Reached skill level 3 in Long Blades
  1563 | D:3      | Reached skill level 3 in Stealth
  1630 | D:3      | Found a white marble altar of Elyvilon.
  1754 | D:3      | Noticed an ice beast
  1769 | D:3      | Killed an ice beast
  1769 | D:3      | Reached skill level 4 in Fighting
  1769 | D:3      | Reached skill level 4 in Dodging
  1769 | D:3      | Reached XP level 6. HP: 35/43 MP: 6/6
  1776 | D:3      | Reached skill level 4 in Shields
  1999 | D:4      | Reached skill level 4 in Stealth
  2073 | D:4      | Killed from afar by an orc priest

Levels and vault maps discovered:
D:1:      arrival_aquarium_b, layout_basic, minmay_misc_feat_tower,
          palyth_stone_intersect, serial_park_tiny_pond
D:2:      layout_loops_cross, nicolae_overflow_crystal_walls, first_ration
D:3:      layout_basic, elyvilon_altar_5
D:4:      layout_gridville, chequers_temple_overflow_statue_of_worship

Skill      XL: |  1  2  3  4  5  6 |
---------------+-------------------+-----
Stealth        | 1 2 3 4 |  4.2
Long Blades    | 3 |  3.6
Fighting       | 4 |  4.2
Dodging        | 4 |  4.2
Shields        | 4 |  4.2

Action                   |  1- 3 |  4- 6 || total
-------------------------+-------+-------++-------
Melee: Long sword        |    79 |    22 ||   101
       Constrict         |    30 |    20 ||    50
       Tentacles         |    15 |    13 ||    28
       Dagger            |       |    60 ||    60
 Stab: Sleeping          |    11 |     9 ||    20
  Eat: Chunk             |       |     3 ||     3
Armor: Skin              |     7 |     1 ||     8
Dodge: Dodged            |    37 |    36 ||    73
Block: Shield            |    26 |    13 ||    39
       Buckler           |       |    13 ||    13
       Rpst.: Long sword |     9 |     3 ||    12

Table legend:
 A = Non-vault XP
 B = Vault XP
 C = Vault XP percentage of total XP
 D = Non-vault monster count
 E = Vault monster count
 F = Vault count percentage of total count
                 A         B        C        D         E       F
            +---------+---------+-------+---------+---------+-------
      Total |     606 |       0 |   0.0 |      85 |       0 |   0.0
            +---------+---------+-------+---------+---------+-------
        D:1 |      37 |       0 |   0.0 |      26 |       0 |   0.0
        D:2 |     149 |       0 |   0.0 |      37 |       0 |   0.0
        D:3 |     219 |       0 |   0.0 |      18 |       0 |   0.0
        D:4 |     201 |       0 |   0.0 |       4 |       0 |   0.0
            +---------+---------+-------+---------+---------+-------
